 Dungeon Crawl Stone Soup version 0.23-a0-299-g9a66eeb (webtiles) character file.

24 epen the Stinger (level 2, -2/31 HPs)
             Began as a Demonspawn Wanderer on Oct 6, 2018.
             Slain by a worm (4 damage)
             ... on level 2 of the Dungeon.
             The game lasted 00:02:03 (1523 turns).

epen the Stinger (Demonspawn Wanderer)              Turns: 1523, Time: 00:02:04

Health: -2/31      AC: 21    Str: 12    XL:     2   Next: 79%
Magic:  3/3        EV:  2    Int: 14    God:
Gold:   59         SH:  0    Dex: 16    Spells: 3/3 levels left

rFire    . . .     SeeInvis .   e - +0 club
rCold    . . .     Gourm    .   (no shield)
rNeg     + + +     Faith    .   (armour currently unavailable)
rPois    +         Spirit   .   (helmet currently unavailable)
rElec    .         Reflect  .   (cloak currently unavailable)
rCorr    .         Harm     .   (gloves currently unavailable)
MR       .....     NoTele   +   (boots currently unavailable)
Stlth    +++.......             (no amulet)
HPRegen  0.10/turn              (no ring)
MPRegen  0.08/turn              (no ring)

@: agile, tree-form (expiring)
A: no striking features
a: no special abilities


You were on level 2 of the Dungeon.
You were not hungry.
You were a tree.
You visited 1 branch of the dungeon, and saw 2 of its levels.

You collected 59 gold pieces.

Inventory:

Hand Weapons
 e - a +0 club (weapon)
 f - a +0 dagger
Armour
 b - a +0 ring mail (melded)
 d - a +0 robe
 m - a +0 helmet (melded)
Scrolls
 a - 2 scrolls of fog {unknown}
 i - a scroll of immolation {unknown}
 j - a scroll of remove curse {unknown}
 l - 2 scrolls of magic mapping {unknown}
 n - a scroll of identify {unknown}
 o - a scroll of amnesia {unknown}
Comestibles
 g - a ration


   Skills:
 + Level 1.0 Fighting
 + Level 0.9(1.1) Maces & Flails
   Level 1.0(1.1) Staves
 + Level 0.9 Armour
 + Level 1.5 Dodging
 - Level 1.7 Stealth
 - Level 1.0 Spellcasting
   Level 1.7 Air Magic
   Level 2.0 Poison Magic
   Level 1.0 Evocations


You had 3 spell levels left.
You didn't know any spells.
Your spell library contained the following spells:

 Spells                   Type           Power        Failure   Level  Hunger
 Flame Tongue             Conj/Fire      #....        26%         1    ##.....
 Magic Dart               Conj           #...         26%         1    ##.....
 Blink                    Tloc           N/A          36%         2    ###....
 Call Imp                 Summ           #.......     36%         2    ###....
 Slow                     Hex            #.......     36%         2    ###....
 Mephitic Cloud           Conj/Pois/Air  #.......     43%         3    ####...
 Conjure Flame            Conj/Fire      #.......     61%         3    ####...
 Stone Arrow              Conj/Erth      #.....       61%         3    ####...


Dungeon Overview and Level Annotations

Branches:
Dungeon (2/15)

Altars:


Innate Abilities, Weirdness & Mutations

((You are partially covered in large bone plates. (SH +4)))


Message History

The worm is heavily wounded.
The worm bites you.
* * * LOW HITPOINT WARNING * * *
You barely miss the worm.
The worm is heavily wounded.
The worm bites you but does no damage.
You aren't carrying any potions.
You hit the worm.
The worm is heavily wounded.
You hit the worm.
The worm is severely wounded.
The worm bites you but does no damage.
You hit the worm.
The worm is severely wounded.
The worm bites you but does no damage.
You hit the worm.
The worm is almost dead.
Your transformation is almost over.
The worm bites you.
You die...

#)###########
#...........#
#.#####<###.#
#...........#
#.#####♣##.....
#w# .##.
...............
...####.##..##.
#.# .... #.#
##. ..[ ..# ..#


You could see a worm.

Vanquished Creatures
  An adder (D:2)
  A giant cockroach (D:1)
  A goblin (D:1)
  3 hobgoblins (D:1)
  2 jackals (D:1)
  2 bats (D:1)
  A frilled lizard (D:1)
  2 kobolds (D:2)
  2 rats (D:1)
15 creatures vanquished.

Notes
Turn   | Place    | Note
-------+----------+-------------------------------------------
     0 | D:1      | epen the Demonspawn Wanderer began the quest for the Orb.
     0 | D:1      | epen set off with: a potion of curing, a +0 robe, a +0
                  | club, a +0 dagger, a ration
     0 | D:1      | Reached XP level 1. HP: 13/13 MP: 2/2
   558 | D:1      | Gained mutation: You are partially covered in large bone
                  | plates. (SH +4) [demonic ancestry]
   558 | D:1      | Reached XP level 2. HP: 13/20 MP: 3/3
  1502 | D:2      | Reached skill level 1 in Fighting
  1518 | D:2      | HP: 1/31 [worm (1)]
  1523 | D:2      | Slain by a worm

Vault maps used:
D:1:      sevenhm_arrival_forest_fort_large_2
D:2:      nemelex_altar_shiori, first_ration, hangedman_abyss_or_decor_stabs

Skill      XL: |  1  2 |
---------------+-------+-----
Fighting       | 1 |  1.0
Maces & Flails | |  0.9
Staves         | |  1.0
Armour         | |  0.9
Dodging        | |  1.5
Stealth        | |  1.7
Spellcasting   | |  1.0
Air Magic      | |  1.7
Poison Magic   | |  2.0
Evocations     | |  1.0

Action                   || total
-------------------------++-------
Melee: Club              ||   142
  Use: Potion            ||     4
 Stab: Sleeping          ||     2
  Eat: Ration            ||     1
Armor: Ring mail         ||    61
       Skin              ||    21
Dodge: Dodged            ||    98
Block: Other             ||     6

Table legend:
 A = Non-vault XP
 B = Vault XP
 C = Vault XP percentage of total XP
 D = Non-vault monster count
 E = Vault monster count
 F = Vault count percentage of total count
                 A         B        C        D         E       F
            +---------+---------+-------+---------+---------+-------
      Total |      35 |       0 |   0.0 |      15 |       0 |   0.0
            +---------+---------+-------+---------+---------+-------
        D:1 |      20 |       0 |   0.0 |      12 |       0 |   0.0
        D:2 |      15 |       0 |   0.0 |       3 |       0 |   0.0
            +---------+---------+-------+---------+---------+-------
